 Dungeon Crawl Stone Soup version 0.21.1-1-g345015f (webtiles) character file.

239 Supreme the Conjurer (level 5, -3/42 HPs)
             Began as a Deep Elf Conjurer on Apr 10, 2018.
             Was a Follower of Kikubaaqudgha.
             Killed by divine providence
             ... invoked by an orc priest
              (13 damage)
             ... on level 4 of the Dungeon.
             The game lasted 00:28:05 (2257 turns).

Supreme the Conjurer (Deep Elf Conjurer)            Turns: 2257, Time: 00:28:06

Health: -3/42      AC: 22    Str:  5    XL:     5   Next: 79%
Magic:  1/14       EV:  2    Int: 21    God:    Kikubaaqudgha [*.....]
Gold:   60         SH:  0    Dex: 15    Spells: 4/14 levels left

rFire    . . .     SeeInvis .   u - +0 long sword
rCold    . . .     Gourm    .   (no shield)
rNeg     + + +     Faith    .   (armour currently unavailable)
rPois    +         Spirit   .   (helmet currently unavailable)
rElec    .         Reflect  .   (cloak currently unavailable)
rCorr    .         Harm     .   (gloves currently unavailable)
MR       .....     NoTele   +   (boots currently unavailable)
Stlth    ++........             (no amulet)
HPRegen  0.14/turn              (no ring)
MPRegen  0.14/turn              (no ring)

@: tree-form
A: no striking features
a: Receive Corpses, Renounce Religion


You were on level 4 of the Dungeon.
You worshipped Kikubaaqudgha.
Kikubaaqudgha was aware of your devotion.
You were hungry.
You were a tree.
You visited 1 branch of the dungeon, and saw 4 of its levels.

You collected 185 gold pieces.
You spent 125 gold pieces at shops.

Inventory:

Hand Weapons
 d - a +0 dagger
 h - a +0 mace
 i - a +0 halberd
 j - a +1 dagger of distortion
 k - a cursed -3 spear
 n - a +0 short sword
 t - a +0 dagger
 u - a +0 long sword (weapon)
 A - a +0 flail of pain
 E - a +0 falchion
Missiles
 q - a throwing net
 v - 5 silver javelins (quivered)
 y - 4 needles of sleeping
Armour
 a - a +0 robe (melded)
 m - a +0 robe
Jewellery
 p - an uncursed ring of fire {unknown}
Wands
 z - a wand of random effects (28)
Scrolls
 e - 6 scrolls of teleportation {unknown}
 f - 4 scrolls of remove curse {unknown}
 g - a scroll of blinking {unknown}
 l - 4 scrolls of enchant weapon {unknown}
 x - 2 scrolls of magic mapping
Potions
 o - a potion of resistance {unknown}
 B - a potion of flight
 C - a potion of agility
 D - a potion of curing {unknown}
 F - a potion of brilliance {unknown}
Books
 b - a book of Conjurations

   Spells                             Type                      Level
   a - Magic Dart                     Conjuration                  1
   b - Searing Ray                    Conjuration                  2
   c - Dazzling Spray                 Conjuration/Hexes            3
   d - Fulminant Prism                Conjuration/Hexes            4
   e - Force Lance                    Conjuration/Translocation    4
   f - Iskenderun's Mystic Blast      Conjuration                  4
 w - Kikubaaqudgha's Reference Book on Sinister Secrets
   (Kikubaaqudgha gifted it to you on level 4 of the Dungeon)

   Spells                             Type                      Level
   a - Pain                           Necromancy                   1
   b - Corpse Rot                     Necromancy                   2
   c - Sublimation of Blood           Necromancy                   2
   d - Regeneration                   Charms/Necromancy            3
Comestibles
 c - 5 rations
 s - 2 chunks of flesh


   Skills:
 + Level 0.3 Fighting
 + Level 2.8 Dodging
 - Level 2.4 Stealth
 + Level 5.4 Spellcasting
 + Level 6.6 Conjurations


You had 4 spell levels left.
You knew the following spells:

 Your Spells              Type           Power        Failure   Level  Hunger
a - Magic Dart            Conj           ####         1%          1    None
b - Searing Ray           Conj           ####..       1%          2    None
c - Dazzling Spray        Conj/Hex       ###...       8%          3    ##.....
d - Iskenderun's Mystic   Conj           ####....     7%          4    ####...


Dungeon Overview and Level Annotations

Branches:
Dungeon (4/15)
 Temple: D:4-7

Altars:
Fedhas
Kikubaaqudgha
Nemelex Xobeh
Xom

Shops:
D:4 *


Message History

The orc priest is severely wounded.
The orc priest hits you with a club.
* * * LOW HITPOINT WARNING * * *
You turn into a tree.
Your +0 robe melds into your body.
Your roots penetrate the ground.
The orc priest hits you but does no damage.
You closely miss the orc priest.
The orc priest is severely wounded.
The orc priest hits you but does no damage.
Casting: Magic Dart
Confirm with . or Enter, or press ? or * to list all spells.
Aiming: Magic Dart
Press: ? - help, Shift-Dir - straight line, f/p - orc priest
Aim: an orc priest, wielding a club and wearing a scale mail (severely wounded)
The magic dart hits the orc priest.
The orc priest is severely wounded.
The orc priest calls down the wrath of Beogh upon you.
Beogh smites you!
You die...
Kikubaaqudgha rasps: "You have failed me!
Welcome... death!"

#.......#...#†.#.###
#.#...#..............
#..##.##.#...#.#..####
#.......o##.##.#..#
#.######.......#..#
####o.### .. #.## ...
.#########.####....# #
.......♣o..!...... #
##.############.#. #
#.# # #.# ## #.# .#
#.# .# #.#
.##########.#
###.........#########.


You could see an orc priest.

Vanquished Creatures
  A hound (D:4)
  A bullfrog skeleton (D:4)
  A worker ant (D:4)
  4 gnolls
  5 adders
  An adder skeleton (D:4)
  A worm (D:4)
  A dart slug (D:2)
  A leopard gecko (D:2)
  6 orcs
  7 bats
  A giant cockroach (D:2)
  7 hobgoblins
  2 jackals (D:1)
  A quokka (D:3)
  2 ball pythons
  6 frilled lizards
  7 goblins
  10 kobolds
  4 rats
69 creatures vanquished.

Notes
Turn   | Place    | Note
-------+----------+-------------------------------------------
     0 | D:1      | Supreme the Deep Elf Conjurer began the quest for the Orb.
     0 | D:1      | Reached XP level 1. HP: 10/10 MP: 6/6
   128 | D:1      | Reached XP level 2. HP: 15/15 MP: 4/8
   132 | D:1      | Learned a level 2 spell: Searing Ray
   249 | D:1      | Reached skill level 5 in Conjurations
   372 | D:1      | Reached XP level 3. HP: 9/19 MP: 0/9
   401 | D:1      | Found a sacrificial altar of Ru.
   403 | D:1      | Found a glowing silver altar of Zin.
   403 | D:1      | Found a sparkling altar of Nemelex Xobeh.
   405 | D:1      | Found a blossoming altar of Fedhas.
   405 | D:1      | Found a shimmering altar of Xom.
   405 | D:1      | Found a shimmering altar of Xom.
   839 | D:2      | Learned a level 3 spell: Dazzling Spray
   906 | D:2      | Found an ancient bone altar of Kikubaaqudgha.
   914 | D:2      | Became a worshipper of Kikubaaqudgha
  1088 | D:2      | Reached XP level 4. HP: 24/24 MP: 3/11
  1094 | D:2      | Learned a level 4 spell: Iskenderun's Mystic Blast
  1233 | D:3      | Found a sparkling altar of Nemelex Xobeh.
  1428 | D:3      | Reached skill level 6 in Conjurations
  1792 | D:3      | Found a blossoming altar of Fedhas.
  1877 | D:4      | Reached * piety under Kikubaaqudgha
  1877 | D:4      | Identified Kikubaaqudgha's Reference Book on Sinister Secrets (Kikubaaqudgha gifted it to you on level 4 of the Dungeon)
  1877 | D:4      | Received a gift from Kikubaaqudgha
  1925 | D:4      | Reached XP level 5. HP: 28/28 MP: 7/14
  1936 | D:4      | Found Memout's General Store.
  1946 | D:4      | Bought a scroll of identify for 20 gold pieces
  1946 | D:4      | Bought a scroll of magic mapping for 35 gold pieces
  1946 | D:4      | Bought a potion of flight for 30 gold pieces
  1946 | D:4      | Bought a potion of agility for 40 gold pieces
  1986 | D:4      | Reached skill level 5 in Spellcasting
  2257 | D:4      | Killed from afar by an orc priest

Skill      XL: |  1  2  3  4  5 |
---------------+----------------+-----
Conjurations   | 5 6 |  6.6
Spellcasting   | 4 5 |  5.4
Fighting       | |  0.3
Dodging        | |  2.8
Stealth        | |  2.4

Action                   |  1- 3 |  4- 6 || total
-------------------------+-------+-------++-------
Melee: Dagger            |     5 |       ||     5
       Long sword        |       |     4 ||     4
Throw: Javelin           |       |     1 ||     1
 Cast: Magic Dart        |    76 |    76 ||   152
       Searing Ray       |     2 |     1 ||     3
       Iskenderun's Myst |       |     4 ||     4
  Use: Potion            |       |     2 ||     2
       Scroll            |       |     1 ||     1
 Stab: Sleeping          |       |     1 ||     1
  Eat: Chunk             |       |     4 ||     4
Armor: Robe              |     3 |     2 ||     5
       Skin              |       |     2 ||     2
Dodge: Dodged            |    16 |    20 ||    36
       Rpst.: Long sword |       |     5 ||     5
